Unix NetHack Version 5.0.0-0 post-release - last build Jul 19 2026 19:10:59 (3aa4ab31751d3886436d94b585a96704892fd477,branch:main).

Game began 2026-07-25 14:48:40, ended 2026-07-25 15:48:35.

DeathOnAStick, neutral male human Tourist

                      -----
          ---        .....|.
         --.--     ---..%....
    ------...-------.........
    |.........%......-----...
 ----..-----...--...------....    .
 |......|  --.....-..)...[.G...  .
 |......|   |......--.----..@....
 --.....--  ------........).)....
  ---....|       |............)-
    --...|       |......|.--..--
     -----        -.|..---   -
                   - -
DeathOnAStick the Excursionist  St:15 Dx:11 Co:14 In:13 Wi:11 Ch:15  Neutral S:3564
Dlvl:10 $:60 HP:0(44) Pw:32(32) AC:-4 Xp:7/761 T:3811 

Latest messages:
 The gnome lord misses!
 An arrow misses you.
 An arrow misses you.
 You hit the gnome lord.
 An arrow misses you.
 An arrow misses you.
 You hit the gnome lord.
 The gnome lord misses!
 You hit the gnome lord.
 The gnome lord misses!
 An arrow misses you.
 You miss the gnome lord.
 The gnome lord misses!
 Are you waiting to get hit?  Use 'm' prefix to force a no-op (to rest).
 You miss the gnome lord.
 The gnome lord misses!
 You hit the gnome lord.
 The gnome lord turns to flee.
 You hear a nearby zap.
 The magic missile whizzes by you!
 You hear a nearby zap.
 The magic missile hits you!
 An arrow misses you.
 You are almost hit by an arrow.
 An arrow misses you.
 What do you want to use or apply? [efqsvxFMX or ?*] v
 In what direction? u
 The gnome lord is blinded by the flash!
 You hear a nearby zap.
 The magic missile hits you!
 The magic missile bounces!
 What do you want to use or apply? [efqsvxFMX or ?*] v
 In what direction? u
 The gnome lord is illuminated.
 You hear a nearby zap.
 The magic missile whizzes by you!
 The magic missile bounces!
 An arrow misses you.
 An arrow misses you.
 You hit the gnome lord.
 You hear a nearby zap.
 The magic missile hits you!
 The magic missile bounces!
 The magic missile hits you!
 You die...
 Do you want your possessions identified? [ynq] (y) y
 Do you want to see your attributes? [ynq] (y) y
 Do you want an account of creatures vanquished? [ynaq] (y) y
 Do you want to see your conduct and achievements? [ynq] (y) y
 Do you want to see the dungeon overview? [ynq] (y) y

Inventory:
 Coins    ('$')
  $ - 60 gold pieces
 Weapons  (')')
  b - 14 +2 darts (at the ready)
  P - 15 +0 darts
  a - a +0 dagger (weapon in right hand)
 Armor    ('[')
  Q - an uncursed +2 dwarvish iron helm (being worn)
  T - an uncursed +2 pair of gauntlets of dexterity (being worn)
  R - an uncursed +0 pair of iron shoes (being worn)
  S - an uncursed +0 cloak of invisibility
  z - an uncursed +2 studded leather armor (being worn)
 Comestibles  ('%')
  U - an uncursed randomfruit
  k - an uncursed banana
  g - an uncursed candy bar labeled "Crispy Yum Yum"
  n - 7 uncursed food rations
  c - an uncursed melon
  Z - 2 uncursed tripe rations
 Scrolls  ('?')
  J - a cursed scroll of stinking cloud
 Potions  ('!')
  h - an uncursed potion of extra healing
  r - an uncursed potion of full healing
 Wands    ('/')
  F - a wand of cancellation (0:4)
  M - a wand of light (0:12)
  X - a wand of magic missile (0:8)
 Tools    ('(')
  f - an uncursed bag of holding containing 15 items
  q - an empty uncursed bag of holding
  x - an uncursed credit card
  v - an expensive camera (0:80)
  s - an uncursed towel
  e - an uncursed partly used wax candle (lit)

Contents of the bag of holding:
  356 gold pieces
  an uncursed +0 mummy wrapping
  a blessed scroll of identify
  2 uncursed scrolls of magic mapping
  2 uncursed potions of healing
  an uncursed ring of poison resistance
  an uncursed ring of protection from shape changers
  a wand of magic missile (0:7)
  an uncursed bugle
  2 uncursed rubies
  3 uncursed worthless pieces of blue glass
  an uncursed worthless piece of orange glass
  3 uncursed worthless pieces of violet glass
  an uncursed worthless piece of yellow glass
  an uncursed worthless piece of yellowish brown glass

DeathOnAStick the Tourist's attributes:

Background:
 You were an Excursionist, a level 7 male human Tourist.
 You were neutral, on a mission for The Lady
 who was opposed by Blind Io (lawful) and Offler (chaotic).
 You were right-handed.
 You were in the Gnomish Mines, on level 10.
 You entered the dungeon 3811 turns ago.
 You had 761 experience points, 519 more were needed to attain level 8.
 Your score was 3564 before end-of-game adjustments.

Basics:
 You had 0 out of 44 hit points.
 You had all 32 energy points (spell power).
 Your armor class was -4.
 Your wallet contained 60 zorkmids, and
 you had 356 more stashed away in your pack.
 Autopickup was off.

Final Characteristics:
 Your strength was 15 (limit:18/100).
 Your dexterity was 11 (base:9, limit:18).
 Your constitution was 14 (limit:18).
 Your intelligence was 13 (limit:18).
 Your wisdom was 11 (limit:18).
 Your charisma was 15 (limit:18).

Final Status:
 You weren't hungry.
 You were unencumbered.
 You were wielding a dagger.
 You had basic skill with dagger.

Final Attributes:
 You were piously aligned.
 You were poison resistant.
 You were telepathic.
 You were warded.
 You are dead.

Miscellaneous:
 You didn't encounter any bones levels.
 Total elapsed playing time was 59 minutes and 51 seconds.

Major events:
 Turn
    1: DeathOnAStick the neutral male human Tourist entered the dungeon
 1109: attained the rank of Sightseer (level 3)
 1164: entered the Gnomish Mines
 1363: read a Discworld novel
 2731: attained the rank of Excursionist (level 6)
 2959: reached Mine Town
 3811: killed by a magic missile zapped by a plains centaur

Spells:
 Name                 Level Category     Fail Retention
 charm monster          5   enchantment  100%    (gone)
 haste self             3   escape       100%  76%-100%
 slow monster           2   enchantment  100%  76%-100%

Skills:
 Fighting Skills
   bare handed combat [Unskilled]
   two weapon combat  [Unskilled]
   riding             [Unskilled]
 Weapon Skills
   dagger             [Basic]
   knife              [Unskilled]
   axe                [Unskilled]
   pick-axe           [Unskilled]
   short sword        [Unskilled]
   broadsword         [Unskilled]
   long sword         [Unskilled]
   two-handed sword   [Unskilled]
   saber              [Unskilled]
   mace               [Unskilled]
   morning star       [Unskilled]
   flail              [Unskilled]
   hammer             [Unskilled]
   quarterstaff       [Unskilled]
   polearms           [Unskilled]
   spear              [Unskilled]
   trident            [Unskilled]
   lance              [Unskilled]
   bow                [Unskilled]
   sling              [Unskilled]
   crossbow           [Unskilled]
   dart               [Skilled]
   shuriken           [Unskilled]
   boomerang          [Unskilled]
   whip               [Unskilled]
   unicorn horn       [Unskilled]
 Spellcasting Skills
   divination spells  [Unskilled]
   enchantment spells [Unskilled]
   escape spells      [Unskilled]

Voluntary challenges:
 Character rerolling was not enabled.
 You never genocided any monsters.
 You never polymorphed an object.
 You never changed form.
 You used no wishes.
Achievements:
 You entered a shop.
 You attained the rank of Sightseer.
 You entered the Gnomish Mines.
 You read from a Discworld novel.
 You attained the rank of Excursionist.
 You entered Minetown.
 You entered a temple.

 The Dungeons of Doom: levels 1 to 5
    Level 1:
       An altar.
    Level 2:
       An altar.
    Level 3:
       An armor shop, some fountains.
    Level 4:
       A scroll shop.
       Stairs down to The Gnomish Mines.
    Level 5:
 The Gnomish Mines: levels 5 to 10
    Level 5:
    Level 6:
    Level 7:
       Many shops, a temple and an altar to The Lady, some fountains, some trees.
    Level 10: <- You were here.
       Final resting place for
          you, killed by a magic missile zapped by a plains centaur.


Vanquished creatures:
  a large dog
  a dwarf mummy
  a dingo
  a jaguar
 an ape
  7 Mordor orcs
  a rock piercer
  a fog cloud
  a yellow light
  a shrieker
  9 gnome leaders
  a gray ooze
  a straw golem
  3 giant ants
  a floating eye
  9 dwarves
  a homunculus
  a kobold leader
  a rothe
  2 giant bats
  2 iguanas
  3 acid blobs
  2 coyotes
  a hobbit
  3 giant rats
  4 cave spiders
  a brown mold
  2 yellow molds
 24 gnomes
  2 geckos
  6 jackals
  5 foxes
  a kobold
  2 goblins
  3 grid bugs
  3 lichens
  3 newts
112 creatures vanquished.

No species were genocided or became extinct.

Game over:
                       ----------
                      /          \
                     /    REST    \
                    /      IN      \
                   /     PEACE      \
                  /                  \
                  |  DeathOnAStick   |
                  |      416 Au      |
                  |   killed by a    |
                  |  magic missile   |
                  |   zapped by a    |
                  |  plains centaur  |
                  |       2026       |
                 *|     *  *  *      | *
        _________)/\\_//(\/(/\)/\//\/|_)_______

Aloha DeathOnAStick the Tourist...

You died in The Gnomish Mines on dungeon level 10 with 3564 points,
and 416 pieces of gold, after 3811 moves.
You were level 7 with a maximum of 44 hit points when you died.

